 Dungeon Crawl Stone Soup version 0.30-a0-916-g9813417 (webtiles) character file.

Game seed: 16290042996395679714

5488 Think the Fencer (level 10, -4/63 HPs)
             Began as an Octopode Fighter on Mar 20, 2023.
             Was a Believer of Elyvilon.
             Slain by a yak (6 damage)
             ... on level 8 of the Dungeon on Mar 21, 2023.
             The game lasted 00:14:48 (6452 turns).

Think the Fencer (Octopode Fighter)                 Turns: 6452, Time: 00:14:48

Health: -4/63      AC:  1    Str: 13 (15) XL:     10   Next: 69%
Magic:  10/10      EV: 16    Int: 11 (12) God:    Elyvilon [**....]
Gold:   403        SH:  5    Dex: 14 (15) Spells: 9/9 levels left

rFire   . . .      SeeInvis .    a - +0 long sword (flame)
rCold   . . .      Faith    .    b - +0 buckler
rNeg    . . .      Spirit   .    (helmet restricted)
rPois   .          Reflect  .    k - amulet of regeneration
rElec   .          Rampage  .    g - ring of willpower
rCorr   .                        (no ring)
Will    +....                    (no ring)
Stlth   ++                       (no ring)
HPRegen 1.10/turn                (no ring)
MPRegen 0.12/turn                (no ring)
                                 (no ring)
                                 (no ring)

@: no status effects
A: almost no armour, amphibious, 8 rings, camouflage 1, gelatinous body 1,
(nimble swimmer 1), tentacles
a: Renounce Religion, Purification, Heal Other


You were on level 8 of the Dungeon.
You worshipped Elyvilon.
Elyvilon was pleased with you.
You visited 1 branch of the dungeon, and saw 8 of its levels.
You also visited: Sewer.

You collected 403 gold pieces.

Inventory:

Hand Weapons
 a - a +0 long sword of flaming (weapon)
Missiles
 l - 7 boomerangs (quivered)
Armour
 b - a +0 buckler (worn)
Jewellery
 g - a ring of willpower (left tentacle)
 k - an amulet of regeneration (around mantle)
 y - an amulet of magic regeneration
 B - an amulet of reflection
 G - an amulet of the acrobat
Wands
 c - a wand of quicksilver (6)
 q - a wand of polymorph (13)
 s - a wand of charming (2)
 t - a wand of mindburst (11)
 u - a wand of digging (3)
 E - a wand of flame (7)
Scrolls
 d - 4 scrolls of teleportation
 n - 4 scrolls of fog
 o - a scroll of noise
 p - a scroll of magic mapping
 r - a scroll of enchant armour
 D - 3 scrolls of identify
Potions
 e - 6 potions of brilliance
 f - a potion of ambrosia
 h - a potion of invisibility
 j - 3 potions of mutation
 m - 3 potions of might
 x - a potion of heal wounds
 z - 2 potions of flight


   Skills:
 - Level 3.0 Fighting
 + Level 15.1 Long Blades
 - Level 8.0 Dodging
 - Level 3.0 Shields


You had 9 spell levels left.
You didn't know any spells.
Your spell library contained the following spells:

 Spells                   Type           Power      Damage    Failure   Level
 Apportation              Tloc           0%         N/A       43%         1
 Necrotise                Necr           0%         1d4       43%         1
 Summon Small Mammal      Summ           0%         N/A       43%         1
 Frozen Ramparts          Ice            0%         1d1       80%         3
 Ice Form                 Ice/Tmut       0%         N/A       99%         4
 Summon Ice Beast         Ice/Summ       0%         N/A       99%         4
 Freezing Cloud           Conj/Ice/Air   0%         6-21      100%        5
 Simulacrum               Ice/Necr       0%         N/A       100%        6
 Polar Vortex             Ice            0%         N/A       100%        9


Dungeon Overview and Level Annotations

Branches:
Dungeon (8/15)             Temple (0/1) D:6           Sewer (visited)
   Lair: D:8-11

Altars:
Cheibriados
Elyvilon
Gozag
Okawaru
Qazlal


Innate Abilities, Weirdness & Mutations

You cannot wear most types of armour.
You are amphibious.
You can wear up to eight rings at the same time.
Your skin changes colour to match your surroundings (Stealth+).
Your rubbery body absorbs attacks. (AC +1, EV +1)
((You are camouflaged when in or above water. (Stealth+)))
You have tentacles for arms and can constrict up to eight enemies at once.


Message History

You climb downwards.
There is a stone staircase leading up, spattered with blood here.
(D) Dungeon (T) Temple
Where to? (Enter - D:6, ? - help)
You see here a +0 spear.
There is a stone staircase leading down here.
You climb downwards.
Found a falchion.
There is a stone staircase leading up here.
There are monsters nearby!
There is a stone staircase leading up here.
A yak comes into view.
Unknown command. 2 yaks come into view.
The yak bellows! x2; You hear a shout! x2
The yak completely misses you. The yak attacks as you move away!
The yak misses you.
There is a stone staircase leading up here.
The yak barely misses you.
You climb upwards.
There is a stone staircase leading down here.
You slash the yak! You burn the yak!
The yak is severely wounded.
The yak barely misses you.
You barely miss the yak.
The yak is severely wounded.
The yak gores you!
You slash the yak! You burn the yak.
You kill the yak!
You climb downwards.
The yak bellows!
The yak gores you. The yak gores you! The yak completely misses you.
The yak gores you! The yak barely misses you.
There is a stone staircase leading up, spattered with blood here.
The yak gores you!
* * * LOW HITPOINT WARNING * * *
The yak gores you!
* * * LOW HITPOINT WARNING * * *
The yak gores you.
You die...

#####.......
#.......#...
...........
##..........
##...........
##..........#
#..........#
#...Y.....#
####..@Y.##.#
###..##.Y###
#.........#
##....)...#
#.....Y.##
............
.............
....##.........
.... ..........


You could see 4 yaks.

Vanquished Creatures
  Pikel (D:7)
  Grinder (D:6)
  A yak (D:7)
  Eustachio (D:4)
  A water moccasin (D:6)
  A phantom (D:6)
  A bullfrog (D:6)
  2 kobold brigands
  7 scorpions
  A gnoll sergeant (D:6)
  2 howler monkeys (D:6)
  4 hounds
  3 gnoll boudas
  A sleepcap (D:4)
  2 jellies
  3 iguanas
  Natasha (twice) (D:2)
  3 orc wizards
  Robin (D:3)
  17 gnolls
  2 river rats (Sewer)
  6 adders
  2 shadow imps (D:7)
  An ufetubus (D:5)
  2 worms
  4 dart slugs
  25 orcs
  13 ball pythons
  7 bats
  10 endoplasms
  2 giant cockroaches
  19 goblins
  11 hobgoblins
  6 jackals
  17 kobolds
  4 quokkas
  6 frilled lizards
  5 rats
197 creatures vanquished.

Vanquished Creatures (others)
  A giant cockroach (D:1)
1 creature vanquished.

Grand Total: 198 creatures vanquished

Notes
Turn   | Place    | Note
-------+----------+-------------------------------------------
     0 | D:1      | Think the Octopode Fighter began the quest for the Orb.
     0 | D:1      | Reached XP level 1. HP: 16/16 MP: 1/1
   100 | D:1      | Reached XP level 2. HP: 21/21 MP: 2/2
   351 | D:1      | Reached XP level 3. HP: 26/26 MP: 3/3
   913 | D:2      | Noticed a scorpion
   923 | D:1      | Killed a scorpion
   924 | D:1      | Reached skill level 5 in Dodging
   924 | D:1      | Reached XP level 4. HP: 21/31 MP: 4/4
  1246 | D:2      | Reached XP level 5. HP: 36/36 MP: 5/5
  1422 | D:2      | Found a stormy altar of Qazlal.
  1600 | D:2      | Noticed Natasha
  1607 | D:2      | Killed Natasha
  1739 | D:2      | Noticed Natasha
  1746 | D:2      | Killed Natasha
  1986 | D:3      | Noticed Robin
  2001 | D:3      | Killed Robin
  2004 | D:3      | Reached XP level 6. HP: 42/42 MP: 6/6
  2641 | D:4      | Found an opulent altar of Gozag.
  2732 | D:4      | Noticed Eustachio
  2746 | D:4      | Killed Eustachio
  2747 | D:4      | Reached XP level 7. HP: 38/46 MP: 7/7
  2992 | D:5      | Entered Level 5 of the Dungeon
  3051 | D:5      | Reached skill level 3 in Long Blades
  3354 | D:5      | Reached skill level 4 in Long Blades
  3459 | D:5      | Found a white marble altar of Elyvilon.
  3486 | D:5      | Became a worshipper of Elyvilon the Healer
  3505 | D:5      | Reached skill level 5 in Long Blades
  3546 | D:5      | Reached XP level 8. HP: 52/52 MP: 8/8
  3624 | D:5      | Found a snail-covered altar of Cheibriados.
  3887 | D:6      | Noticed Grinder
  3887 | D:6      | Reached * piety under Elyvilon
  3978 | D:6      | Killed Grinder
  3979 | D:6      | Reached skill level 6 in Long Blades
  4086 | D:6      | Reached skill level 7 in Long Blades
  4108 | D:6      | Found a staircase to the Ecumenical Temple.
  4242 | D:6      | Reached skill level 8 in Long Blades
  4315 | D:6      | Found an iron altar of Okawaru.
  4431 | D:6      | Found a glowing drain.
  4435 | Sewer    | Entered a sewer
  4501 | Sewer    | Reached XP level 9. HP: 56/56 MP: 9/9
  4524 | Sewer    | Found a glowing silver altar of Zin.
  4669 | D:6      | Reached ** piety under Elyvilon
  4755 | D:6      | Reached skill level 9 in Long Blades
  5567 | D:7      | Noticed Pikel
  5579 | D:7      | Killed Pikel
  5580 | D:7      | Reached skill level 10 in Long Blades
  6390 | D:7      | Reached skill level 15 in Long Blades
  6390 | D:7      | Reached XP level 10. HP: 63/63 MP: 10/10
  6452 | D:8      | HP: 2/63 [yak (16)]
  6452 | D:8      | Slain by a yak

Illustrated notes

Levels and vault maps discovered:
D:1:      tarquinn_simple_flora_water_e, layout_basic, serial_bayou_pond_e,
          minivault_19, st_stairs_3, minmay_crystal_water
D:2:      layout_basic, basic_altar, nrook_uturn, uniq_natasha
D:3:      layout_rooms, uniq_robin
D:4:      layout_loops_ring, nicolae_gozag_cash_rules_everything_around_me,
          uniq_eustachio
D:5:      layout_gridville, mainiacjoe_overflow_boulevard,
          cheibrodos_worm_habitat, feat_on_display
D:6:      layout_loops_ring, okawaru_altar_gauntlet_db,
          minmay_temple_entry_glassed_door, gup_sewer_entry_bowl, uniq_grinder
D:7:      layout_layer_cave, uniq_pikel
D:8:      layout_cave_pools, serial_bayou_pond_e, kennysheep_just_a_vault

Skill      XL: |  1  2  3  4  5  6  7  8  9 |
---------------+----------------------------+-----
Dodging        | 4 5 6 8 |  8.0
Long Blades    | 5 8 15 | 15.1
Fighting       | |  3.0
Shields        | |  3.0

Action                     |  1- 3 |  4- 6 |  7- 9 | 10-12 || total
---------------------------+-------+-------+-------+-------++-------
  Melee: Long sword        |    49 |   169 |   229 |     3 ||   450
         Constrict         |    20 |    46 |    59 |       ||   125
         Tentacles         |     9 |    30 |    67 |       ||   106
         Punch             |       |     1 |     2 |       ||     3
  Throw: Boomerang         |       |       |     2 |       ||     2
    Use: Scroll            |       |     3 |     8 |       ||    11
         Potion            |       |     4 |     5 |       ||     9
   Stab: Sleeping          |     3 |     5 |     8 |       ||    16
 Armour: Skin              |     4 |     9 |    11 |       ||    24
  Dodge: Dodged            |    29 |   126 |   194 |     6 ||   355
  Block: Buckler           |     6 |    42 |    47 |       ||    95

Table legend: (Time is in decaauts)
 A = Elapsed time spent in this place.
 B = Non-inter-level travel time spent in this place.
 C = Inter-level travel time spent in this place.
 D = Time resting spent in this place.
 E = Time spent auto-exploring this place.
 F = Levels seen in this place.
 G = Mean time per level.
                   A        B        C        D        E       F      G
               +--------+--------+--------+--------+--------+-----+--------+
         Total |   6542 |   6262 |    280 |    465 |   4431 |   9 |  726.9 |
       Dungeon |   6397 |   6117 |    280 |    465 |   4322 |   8 |  799.6 |
         Sewer |    144 |    144 |      0 |      0 |    109 |   1 |  144.0 |
               +--------+--------+--------+--------+--------+-----+--------+

Top non-repeatable levels by time:
     D:7: 1206 daAuts
     D:6: 1178 daAuts
     D:1: 971 daAuts
     D:2: 943 daAuts
     D:5: 880 daAuts
     D:4: 721 daAuts
     D:3: 484 daAuts
   Sewer: 144 daAuts
     D:8: 11 daAuts
